[Event "ICCopen2016"]
[Site "Internet Chess Club"]
[Date "2016.06.03"]
[Round "8"]
[White "TudoracheM"]
[Black "huntos"]
[Result "0-1"]
[ICCResult "White forfeits on time"]
[WhiteElo "1700"]
[BlackElo "1616"]
[Opening "Scandinavian (center counter) defense"]
[ECO "B01"]
[NIC "SD.02"]
[Time "20:18:15"]
[TimeControl "180+0"]

1. e4 d5 2. exd5 Qxd5 3. Nc3 Qd8 4. Bc4 Nf6 5. d3 a6 6. Nge2 b5 7. Bb3 Bb7
8. O-O e6 9. Bf4 Bd6 10. Qd2 c5 11. a4 b4 12. Ne4 Nxe4 13. dxe4 Bxf4 14.
Qxf4 Qf6 15. Qxf6 gxf6 16. f3 Ke7 17. Rad1 Nd7 18. Rd2 Nb6 19. c3 a5 20.
cxb4 axb4 21. Ra1 Rhd8 22. Rxd8 Rxd8 23. Rd1 Rc8 24. a5 Nd7 25. Bc4 Ne5 26.
Bb5 Bc6 27. Bxc6 Rxc6 28. Ra1 Ra6 29. Nc1 Nc4 30. Nb3 Kd6 31. Rd1+ Kc6 32.
Rd8 Nxa5 33. Nd2 Ra7 34. Rh8 Rd7 35. Nf1 c4 36. Ra8 Nb7 37. Ne3 Rd4 38. Kf2
c3 39. bxc3 bxc3 40. Rc8+ Kb5 41. Rxc3 Rd2+ 42. Kg3 Nc5 43. Rc2 Rd8 44. Rb2+
Kc6 45. Nc4 Rg8+ 46. Kf2 Nd3+ 47. Ke3 Nxb2 48. Nxb2 Rxg2 49. Nd3 Rxh2 50.
Kf4 h5 51. Kg3 Rd2 52. Nf4 Kd6 53. Nxh5 Ke7 54. Kf4 Ra2 55. Ng3 Ra5 56. Ne2
Ra4 57. Nc3 Rc4 58. Nb5 f5 59. Na3 Ra4 60. Nc2 fxe4 61. fxe4 f5 62. Kf3 Rxe4
63. Na3 Kf6 64. Nb5 Ke5 65. Nc7 Ra4 66. Ne8 Ra3+ 67. Ke2 Kf4 68. Kd2 e5 69.
Kc2 e4 70. Kb2 Rh3 71. Nf6 e3 72. Nd5+ Ke4 73. Nxe3 Kxe3 74. Kc3 f4 75. Kc4
Ke2 76. Kd5 f3 77. Ke5 f2 78. Kf4 Re3 {White forfeits on time} 0-1

[Event "ICCopen2016"]
[Site "Internet Chess Club"]
[Date "2016.06.03"]
[Round "8"]
[White "B-Alqudaimi"]
[Black "Entoloma"]
[Result "1-0"]
[ICCResult "Black forfeits on time"]
[WhiteElo "2497"]
[BlackElo "2025"]
[Opening "Pirc defense"]
[ECO "B07"]
[NIC "PU.08"]
[Time "20:18:01"]
[TimeControl "180+0"]

1. e4 d6 2. d4 Nf6 3. Nd2 e5 4. d5 c6 5. c4 b5 6. dxc6 bxc4 7. Bxc4 Nxc6 8.
Ne2 Be7 9. O-O O-O 10. Nc3 Be6 11. b3 Na5 12. Bxe6 fxe6 13. Ba3 d5 14. Bxe7
Qxe7 15. Nf3 d4 16. Na4 Nc6 17. Qe2 Nh5 18. Rac1 Nf4 19. Qa6 Nb4 20. Qc4
Nfd3 21. Nc5 Rxf3 22. gxf3 Nf4 23. Kh1 a5 24. a3 Na2 25. Rc2 Nc3 26. b4 axb4
27. axb4 Rc8 28. Rg1 h6 29. Rg4 Re8 30. Nd3 Nh5 31. Nxe5 Nf6 32. Qxd4 Nxg4
33. Nxg4 Nb5 34. Qe5 Nd6 35. Rc6 Nf7 36. Qc7 Qxc7 37. Rxc7 Ng5 38. Ne3 Nf7
39. Kg2 Ne5 40. f4 Re7 41. Rb7 Rxb7 42. fxe5 Rxb4 43. f3 Rxe4 44. fxe4 Kf8
45. Kf3 Ke7 46. h4 g5 47. h5 g4+ 48. Kxg4 Kf7 49. Kf3 Kg7 50. Ng4 Kf7 51.
Nxh6+ Kg7 52. Ng4 Kh7 53. Ne3 Kg7 54. Nd5 Kf7 55. Nf4 Ke8 56. Nxe6 Ke7 57.
h6 Kf7 58. h7 Kg6 59. h8=Q Kf7 60. Qg8+ Ke7 61. Qg7+ {Black forfeits on
time} 1-0

[Event "ICCopen2016"]
[Site "Internet Chess Club"]
[Date "2016.06.03"]
[Round "8"]
[White "racko"]
[Black "uncleBob"]
[Result "1-0"]
[ICCResult "Black forfeits on time"]
[WhiteElo "1879"]
[BlackElo "1575"]
[Opening "English: Carls' Bremen system"]
[ECO "A22"]
[NIC "EO.10"]
[Time "20:18:40"]
[TimeControl "180+0"]

1. c4 e5 2. Nc3 Nf6 3. g3 Nc6 4. Bg2 Bc5 5. e3 O-O 6. Nge2 Re8 7. O-O e4 8.
d4 Bf8 9. h3 d6 10. g4 h6 11. Qc2 Nb4 12. Qb3 Nd3 13. Bd2 Kh8 14. Rad1 a5
15. a4 Nb4 16. Ng3 c6 17. Ncxe4 Nh7 18. f4 Qh4 19. Be1 d5 20. cxd5 cxd5 21.
Nf5 Qd8 22. Neg3 g6 23. e4 gxf5 24. gxf5 dxe4 25. Bc3 Bg7 26. Nh5 Nd3 27.
Nxg7 Kxg7 28. d5+ f6 29. Qc4 Bxf5 30. d6 Rc8 31. Qd5 Rc5 32. Qd4
{Black forfeits on time}
1-0

[Event "ICCopen2016"]
[Site "Internet Chess Club"]
[Date "2016.06.03"]
[Round "8"]
[White "InigoMI"]
[Black "RJoseph12"]
[Result "0-1"]
[ICCResult "White forfeits on time"]
[WhiteElo "1541"]
[BlackElo "1319"]
[Opening "English: three knights system"]
[ECO "A27"]
[NIC "EO.21"]
[Time "20:18:40"]
[TimeControl "180+0"]

1. c4 e5 2. Nc3 Nc6 3. Nf3 Bc5 4. a3 a6 5. b4 Ba7 6. Bb2 Nf6 7. e3 d6 8. d4
exd4 9. exd4 O-O 10. Be2 Re8 11. O-O Bg4 12. d5 Ne5 13. Nxe5 Bxe2 14. Nxe2
dxe5 15. Qc2 e4 16. Nd4 Rc8 17. Rad1 c5 18. dxc6 Bxd4 19. cxb7 Rb8 20. Bxd4
Rxb7 21. Qc3 Re6 22. Rd2 Rd7 23. Rfd1 Red6 24. c5 Rd5 25. Be3 Rxd2 26. Rxd2
Rxd2 27. Qxd2 Qxd2 28. Bxd2 Nd5 29. Kf1 Kf8 30. Ke2 Ke7 31. f3 exf3+ 32.
gxf3 Kd7 33. Kd3 Kc6 34. Kc4 Nf6 35. a4 Nd7 36. b5+ axb5+ 37. axb5+ Kc7 38.
Bf4+ Kc8 39. Bd6 Nf6 40. Be5 Nd7 41. Bxg7 f6 42. Bh6 Ne5+ 43. Kd5 Nxf3 44.
Bf4 Ne5 45. Bxe5 fxe5 46. Kxe5 Kd7 47. Kd5 Ke7 48. c6 Kf6 49. c7 Kf5 50.
c8=Q+ Kf4 {White forfeits on time} 0-1

[Event "ICCopen2016"]
[Site "Internet Chess Club"]
[Date "2016.06.03"]
[Round "8"]
[White "Schack"]
[Black "ebochess"]
[Result "1-0"]
[ICCResult "Black forfeits on time"]
[WhiteElo "1671"]
[BlackElo "1442"]
[Opening "Caro-Kann: exchange, Rubinstein variation"]
[ECO "B13"]
[NIC "CK.02"]
[Time "20:18:37"]
[TimeControl "180+0"]

1. d4 c6 2. e4 d5 3. exd5 cxd5 4. Bf4 Nf6 5. c3 Nc6 6. Bd3 Bg4 7. Ne2 e6 8.
O-O Bd6 9. Bg3 O-O 10. f3 Bh5 11. Nf4 Qc7 12. Nxh5 Nxh5 13. Bxd6 Qxd6 14.
Na3 Nf4 15. Nb5 Qe7 16. Bc2 a6 17. Na3 Qg5 18. g3 h5 19. Qe1 h4 20. Kf2
hxg3+ 21. hxg3 Nh3+ 22. Ke2 Qf6 23. Rh1 Ng5 24. f4 Ne4 25. Bxe4 dxe4 26. Kf2
Qg6 27. Nc4 f6 28. Nd6 b5 29. Qxe4 Qxe4 30. Nxe4 Rad8 31. Nc5 a5 32. Nxe6
Kf7 33. Nxf8 Rxf8 34. Rae1 Ne7 35. g4 Ng6 36. f5 Nf4 37. Ke3 Ng2+ 38. Kf2
Nxe1 39. Rxe1 Rh8 40. Kg3 Rd8 41. b3 g6 42. fxg6+ Kxg6 43. Re6 Kg5 44. Re4
Rh8 45. c4 Rh1 46. Re2 Rg1+ 47. Kf3 Rf1+ 48. Kg2 Rd1 49. d5 f5 50. gxf5 Kxf5
51. d6 Rxd6 52. cxb5 Rb6 53. a4 Rd6 54. Rc2 Rg6+ 55. Kf3 Rh6 56. Rc5+ Kg6
57. Rc6+ Kg7 58. Rxh6 Kxh6 59. Ke4 Kg6 60. Kd5 Kf6 61. Kc6 Ke5 62. b6
{Black forfeits on time}
1-0

[Event "ICCopen2016"]
[Site "Internet Chess Club"]
[Date "2016.06.03"]
[Round "8"]
[White "catman"]
[Black "ROWLAND"]
[Result "1-0"]
[ICCResult "Black forfeits on time"]
[WhiteElo "1772"]
[BlackElo "1575"]
[Opening "King's Indian: Sämisch, 5...O-O"]
[ECO "E81"]
[NIC "KI.50"]
[Time "20:18:12"]
[TimeControl "180+0"]

1. d4 Nf6 2. c4 g6 3. Nc3 Bg7 4. e4 d6 5. f3 O-O 6. Bg5 c5 7. d5 Qa5 8. Qd2
a6 9. a4 Bd7 10. Ra3 Be8 11. Nh3 Nbd7 12. Nf2 Nb6 13. Ncd1 Qxd2+ 14. Kxd2
Nxa4 15. b3 Nb6 16. Bd3 Nbd7 17. f4 Nb6 18. e5 dxe5 19. fxe5 Nfd7 20. Bxe7
Nxe5 21. Bxf8 Bxf8 22. Re1 Bg7 23. Ra2 Nc8 24. Ne4 Bd7 25. Nxc5 Bf5 26. Bxf5
gxf5 27. Nd3 Nxd3 28. Kxd3 Nd6 29. Ne3 b6 30. Rf2 a5 31. Nxf5 Nxf5 32. Rxf5
Rd8 33. h4 Kf8 34. g4 Rd6 35. g5 h6 36. gxh6 Rxh6 37. h5 Rd6 38. Ref1 Rd7
39. Ke4 Ke8 40. Rg5 Kf8 41. Rfg1 Bf6 42. Rg8+ Ke7 43. h6 a4 44. bxa4 Ra7 45.
h7 Rxa4 46. h8=Q Bxh8 47. Rxh8 Rxc4+ 48. Kd3 Rc5 49. Rgg8 b5 50. Kd4 Rc4+
51. Kd3 Rf4 52. Re8+ Kf6 53. Rh6+ Kg5 54. Rb6 b4 55. Reb8 Kf5 56. Rxb4 Ke5
57. Rxf4 Kxf4 58. d6 Ke5 59. d7 Ke6 60. d8=Q Kf5 61. Rb6 Kf4 62. Qf6+
{Black forfeits on time}
1-0

[Event "ICCopen2016"]
[Site "Internet Chess Club"]
[Date "2016.06.03"]
[Round "8"]
[White "HawkKing"]
[Black "nikenwidiartto"]
[Result "1-0"]
[ICCResult "Black forfeits on time"]
[WhiteElo "2287"]
[BlackElo "1865"]
[Opening "Queen's pawn game"]
[ECO "D02"]
[NIC "QP.08"]
[Time "20:18:40"]
[TimeControl "180+0"]

1. d4 d5 2. Nf3 c6 3. c3 Nf6 4. Bg5 Bf5 5. Nbd2 Nbd7 6. e3 e6 7. Ne5 Be7 8.
f4 h6 9. Bh4 Nxe5 10. fxe5 Ne4 11. Bxe7 Qxe7 12. Nxe4 Bxe4 13. Qg4 O-O-O 14.
O-O-O h5 15. Qf4 g5 16. Qf2 h4 17. Be2 Rdg8 18. Rhf1 Rg7 19. Bd3 Bxd3 20.
Rxd3 g4 21. Qf4 Rh5 22. e4 Qg5 23. exd5 cxd5 24. Rd2 g3 25. h3 Qg6 26. Qf6
Rg5 27. Qe7 a6 28. Rf6 Qe4 29. Rxf7 Rxf7 30. Qxf7 Rf5 31. Qe8+ Kc7 32. Qe7+
Kb8 33. Qd6+ Ka7 34. Qc5+ Ka8 35. Qc8+ Ka7 36. Qc5+ Ka8 37. b4 Qe3 38. Qc8+
Ka7 39. Kc2 Rf1 40. Qc5+ Ka8 41. Qc8+ Ka7 42. Qxe6 Qe4+ 43. Kb3 Rb1+ 44. Ka3
{Black forfeits on time}
1-0

[Event "ICCopen2016"]
[Site "Internet Chess Club"]
[Date "2016.06.03"]
[Round "8"]
[White "pawnloser"]
[Black "bonicula"]
[Result "1-0"]
[ICCResult "Black forfeits on time"]
[WhiteElo "1586"]
[BlackElo "895"]
[Opening "Four knights: Italian variation"]
[ECO "C47"]
[NIC "RG.01"]
[Time "20:20:11"]
[TimeControl "180+0"]

1. e4 e5 2. Nf3 Nf6 3. Nc3 Nc6 4. Bc4 Nxe4 5. Nxe4 d5 6. Bd3 dxe4 7. Bxe4
Bg4 8. O-O Bd6 9. c3 O-O 10. h3 Bh5 11. Qb3 Rb8 12. d3 Kh8 13. Qa4 f5 14.
Bxc6 bxc6 15. Qxc6 Rb6 16. Qd5 e4 17. dxe4 fxe4 18. Ng5 Bh2+ 19. Kxh2 Qxd5
20. Be3 Rxb2 21. Rad1 Qxa2 22. g4 Bg6 23. Bd4 h6 24. Ra1 hxg5 25. Rxa2 Rf3
26. Kg2 Rxa2 27. Rb1 Rb2 28. Rxb2 Rd3 29. Rb8+ Kh7 30. Rb7 Rd2 31. Rxc7 Be8
32. Rxg7+ Kh6 33. Rxa7 Re2 34. Re7 Bb5 35. Kg3 Rc2 36. Rxe4
{Black forfeits on time}
1-0

[Event "ICCopen2016"]
[Site "Internet Chess Club"]
[Date "2016.06.03"]
[Round "8"]
[White "ShadowLike"]
[Black "Panesso"]
[Result "0-1"]
[ICCResult "White forfeits on time"]
[WhiteElo "1961"]
[BlackElo "2227"]
[Opening "Sicilian: Smith-Morra gambit"]
[ECO "B21"]
[NIC "SI.48"]
[Time "20:20:14"]
[TimeControl "180+0"]

1. e4 c5 2. d4 cxd4 3. c3 dxc3 4. Nxc3 d6 5. Nf3 Nc6 6. Bc4 e6 7. Qe2 Be7 8.
Bf4 e5 9. Be3 Bg4 10. Rd1 Nf6 11. h3 Bxf3 12. Qxf3 O-O 13. O-O Rc8 14. Bb3
a6 15. a3 Na5 16. Ba2 Nc4 17. Bc1 Qa5 18. Nd5 Nxd5 19. Rxd5 Qb6 20. b4 Qc6
21. Rfd1 b5 22. Bxc4 Qxc4 23. g4 Rc6 24. Kg2 Rfc8 25. Qf5 g6 26. Qf3 Qc3 27.
R5d3 Qc4 28. Bh6 Qe6 29. Rd5 Rc3 30. R1d3 Rxd3 31. Rxd3 Rc4 32. Rd5 Bf8 33.
Bg5 h6 34. Bf6 g5 35. h4 Bg7 36. Bxg7 Kxg7 37. h5 Rc2 38. Kg3 Rc4 39. Qd3
Rc6 40. f3 Qf6 41. Qd2 Qf4+ 42. Qxf4 exf4+ 43. Kh3 Kf6 44. Kg2 Ke6 45. Kf2
Rc2+ 46. Ke1 Rc3 47. a4 bxa4 48. Ra5 a3 49. Rxa6 Rxf3 50. b5 Re3+ 51. Kd2
Rxe4 52. Rxa3 Rb4 53. Ra8 Rxb5 54. Rh8 Ke5 55. Ke1 Rb3 56. Rxh6 Rg3 57. Rh7
Rxg4 58. h6 Rh4 {White forfeits on time} 0-1

[Event "ICCopen2016"]
[Site "Internet Chess Club"]
[Date "2016.06.03"]
[Round "8"]
[White "padmanandhini"]
[Black "Yedixon"]
[Result "0-1"]
[ICCResult "White forfeits on time"]
[WhiteElo "1269"]
[BlackElo "1243"]
[Opening "Petrov: French attack"]
[ECO "C42"]
[NIC "RG.03"]
[Time "20:20:41"]
[TimeControl "180+0"]

1. e4 e5 2. Nf3 Nf6 3. Nxe5 d6 4. Nf3 Nxe4 5. d3 Nf6 6. Bf4 Be7 7. Nc3 O-O
8. Be2 Re8 9. O-O Bf8 10. Bg5 h6 11. Bxf6 Qxf6 12. Nd5 Qd8 13. d4 c6 14. Nc3
d5 15. Re1 Nd7 16. Bd3 Nf6 17. Rxe8 Qxe8 18. Na4 Qd8 19. Nc5 b6 20. Nb3 Be6
21. Qf1 Rc8 22. Ba6 Rc7 23. Re1 b5 24. Rd1 Qb8 25. Nc5 Bxc5 26. dxc5 Re7 27.
Ne5 Nd7 28. Nxd7 Bxd7 29. Re1 Rxe1 30. Qxe1 Kf8 31. Qa1 Qc7 32. a4 Qa5 33.
Bb7 bxa4 34. b3 a3 35. c3 Qc7 36. Ba6 Qa5 37. Be2 Qxc5 38. Qa2 d4 39. cxd4
Qc1+ 40. Bf1 Qd1 41. Qxa3+ Kg8 42. Qxa7 Bf5 43. g3 Bd3 44. Qa8+ Kh7 45. Kg2
Qxf1+ 46. Kf3 Qh1+ 47. Ke3 Qe4+ 48. Kd2 Qe2+ 49. Kc3 Qc2+ 50. Kb4 Qd2+ 51.
Kc5 Qc3+ 52. Kd6 Qxd4+ 53. Kxc6 Qe4+ 54. Kc7 Qxa8 55. Kd7 Qa3 56. Kc7 Qxb3
57. Kc6 Be4+ 58. Kc5 Qd5+ 59. Kb4 Qd2+ 60. Kb3 Qxf2 {White forfeits on time}
0-1

[Event "ICCopen2016"]
[Site "Internet Chess Club"]
[Date "2016.06.03"]
[Round "9"]
[White "Nostradamus"]
[Black "darthvader"]
[Result "1-0"]
[ICCResult "Black checkmated"]
[WhiteElo "2471"]
[BlackElo "1920"]
[Opening "Pirc: Ufimtsev-Pytel variation"]
[ECO "B07"]
[NIC "PU.08"]
[Time "20:34:24"]
[TimeControl "180+0"]

1. e4 d6 2. d4 Nf6 3. Nc3 c6 4. Bg5 Nbd7 5. Nge2 e5 6. f3 Be7 7. Qd2 O-O 8.
O-O-O b5 9. Ng3 Qc7 10. Nf5 Re8 11. Nxe7+ Rxe7 12. Ne2 Re8 13. Kb1 a5 14. h4
Bb7 15. g4 exd4 16. Nxd4 Ne5 17. Bxf6 gxf6 18. Be2 Nc4 19. Bxc4 bxc4 20. Nf5
d5 21. Qh6 dxe4 22. Qg7# {Black checkmated} 1-0

[Event "ICCopen2016"]
[Site "Internet Chess Club"]
[Date "2016.06.03"]
[Round "9"]
[White "Oblique"]
[Black "racko"]
[Result "0-1"]
[ICCResult "White resigns"]
[WhiteElo "1683"]
[BlackElo "1887"]
[Opening "King's Indian: 5.Nf3"]
[ECO "E90"]
[NIC "KI.22"]
[Time "20:35:03"]
[TimeControl "180+0"]

1. d4 d6 2. Nf3 g6 3. c4 Bg7 4. Nc3 Nf6 5. e4 Nc6 6. Be2 e5 7. d5 Ne7 8. b4
a5 9. b5 O-O 10. O-O Nd7 11. Ng5 h6 12. Nh3 b6 13. a4 Nc5 14. f4 exf4 15.
Nxf4 Bxc3 16. Ra3 Bg7 17. Rg3 Nxe4 {White resigns} 0-1

[Event "ICCopen2016"]
[Site "Internet Chess Club"]
[Date "2016.06.03"]
[Round "9"]
[White "tangent"]
[Black "edwspin"]
[Result "0-1"]
[ICCResult "White disconnected and forfeits"]
[WhiteElo "1939"]
[BlackElo "1611"]
[Opening "Queen's pawn"]
[ECO "A40"]
[NIC "QO.17"]
[Time "20:35:30"]
[TimeControl "180+0"]

1. d4 e6 2. c4 Ne7 3. g3 g6 4. Bg2 Bg7 5. Nf3 O-O 6. O-O d6 7. Nc3 Nd7 8. e4
a6 9. Bg5 b6 10. Qd2 Nf6 11. Rfe1 Kh8 {White disconnected and forfeits} 0-1

[Event "ICCopen2016"]
[Site "Internet Chess Club"]
[Date "2016.06.03"]
[Round "9"]
[White "panom"]
[Black "Imaneverwas"]
[Result "0-1"]
[ICCResult "White checkmated"]
[WhiteElo "1610"]
[BlackElo "1827"]
[Opening "Sicilian: Najdorf"]
[ECO "B90"]
[NIC "SI.14"]
[Time "20:34:24"]
[TimeControl "180+0"]

1. e4 c5 2. Nf3 d6 3. d4 cxd4 4. Nxd4 Nf6 5. Nc3 a6 6. Be3 Ng4 7. Bc1 Nf6 8.
f3 e6 9. Be3 b5 10. Qd2 Bb7 11. g4 h6 12. O-O-O Nbd7 13. h4 Nb6 14. Rg1 Nfd7
15. g5 hxg5 16. hxg5 g6 17. Be2 Ne5 18. f4 Nec4 19. Bxc4 Nxc4 20. Qf2 b4 21.
Nce2 Bxe4 22. Ng3 Bb7 23. b3 Na3 24. Kb2 Rc8 25. Rge1 Bg7 26. f5 gxf5 27.
Rh1 Bxh1 28. Rxh1 Rxh1 29. Nxh1 Qc7 30. Ka1 Qc3# {White checkmated} 0-1

[Event "ICCopen2016"]
[Site "Internet Chess Club"]
[Date "2016.06.03"]
[Round "9"]
[White "airantrobo"]
[Black "MasterZachary"]
[Result "0-1"]
[ICCResult "White resigns"]
[WhiteElo "1530"]
[BlackElo "2130"]
[Opening "Budapest defense"]
[ECO "A52"]
[NIC "QG.01"]
[Time "20:34:18"]
[TimeControl "180+0"]

1. d4 Nf6 2. c4 e5 3. dxe5 Ng4 4. Nh3 Nxe5 5. e3 Bb4+ 6. Bd2 Nbc6 7. Nf4 O-O
8. Be2 Re8 9. Nd5 Bxd2+ 10. Nxd2 d6 11. O-O Be6 12. e4 Nd4 13. Nf3 Nxe2+ 14.
Qxe2 Bg4 15. Ne3 Bxf3 16. gxf3 Qg5+ 17. Ng4 h5 18. h4 Qg6 19. f4 Nxg4 20. f5
Qf6 {White resigns} 0-1

[Event "ICCopen2016"]
[Site "Internet Chess Club"]
[Date "2016.06.03"]
[Round "9"]
[White "YKQ"]
[Black "hedgie"]
[Result "1-0"]
[ICCResult "Black checkmated"]
[WhiteElo "2580"]
[BlackElo "2115"]
[Opening "English: symmetrical variation"]
[ECO "A33"]
[NIC "EO.64"]
[Time "20:35:08"]
[TimeControl "180+0"]

1. c4 c5 2. Nf3 Nc6 3. d4 cxd4 4. Nxd4 Nf6 5. Nc3 e6 6. a3 a6 7. e4 Qc7 8.
Be2 b6 9. Be3 Bb7 10. Rc1 Ne5 11. O-O d6 12. f4 Ned7 13. f5 e5 14. Nd5 Qd8
15. Ne6 fxe6 16. fxe6 Nc5 17. Rxf6 gxf6 18. Bh5# {Black checkmated} 1-0

[Event "ICCopen2016"]
[Site "Internet Chess Club"]
[Date "2016.06.03"]
[Round "9"]
[White "nicetry"]
[Black "Capitalist"]
[Result "0-1"]
[ICCResult "White resigns"]
[WhiteElo "1195"]
[BlackElo "1349"]
[Opening "Queen's pawn game"]
[ECO "D02"]
[NIC "QP.08"]
[Time "20:35:24"]
[TimeControl "180+0"]

1. d4 d5 2. Nf3 c6 3. Bf4 Bg4 4. Nbd2 e6 5. e3 Bd6 6. Bg5 f6 7. Bh4 Ne7 8.
Be2 Ng6 9. Bg3 Bxg3 10. hxg3 h6 11. c3 Nd7 12. Qb3 Qb6 13. Nh4 Nxh4 14. gxh4
Bxe2 15. Kxe2 Qa6+ 16. c4 Nb6 17. Kf3 dxc4 18. Qc3 Kf7 19. e4 Rad8 20. Rhd1
e5 21. dxe5 Rd3+ {White resigns} 0-1

[Event "ICCopen2016"]
[Site "Internet Chess Club"]
[Date "2016.06.03"]
[Round "9"]
[White "daviv52"]
[Black "RonJB"]
[Result "1-0"]
[ICCResult "Black resigns"]
[WhiteElo "2062"]
[BlackElo "1641"]
[Opening "Sicilian: accelerated fianchetto, modern variation with Bc4"]
[ECO "B35"]
[NIC "SI.33"]
[Time "20:34:59"]
[TimeControl "180+0"]

1. e4 c5 2. Nf3 g6 3. d4 cxd4 4. Nxd4 Nc6 5. Nc3 Bg7 6. Be3 Nf6 7. Bc4 e6 8.
Bb3 O-O 9. O-O Na5 10. f4 Nxb3 11. axb3 d5 12. e5 Nd7 13. Kh1 a6 14. g4 b5
15. Ndxb5 Nb6 16. Nd6 Bd7 17. Ne2 Bb5 18. Rf2 f5 19. g5 Nc8 20. Bc5 Nxd6 21.
Bxd6 Rf7 22. Nd4 Rd7 23. Nxe6 {Black resigns} 1-0

[Event "ICCopen2016"]
[Site "Internet Chess Club"]
[Date "2016.06.03"]
[Round "9"]
[White "cloak1"]
[Black "eltigrecu"]
[Result "0-1"]
[ICCResult "White resigns"]
[WhiteElo "1786"]
[BlackElo "2109"]
[Opening "Sicilian: Pelikan, Chelyabinsk variation"]
[ECO "B33"]
[NIC "SI.37"]
[Time "20:34:18"]
[TimeControl "180+0"]

1. e4 c5 2. Nf3 Nc6 3. d4 cxd4 4. Nxd4 Nf6 5. Nc3 e5 6. Ndb5 d6 7. Bg5 a6 8.
Na3 b5 9. Nd5 Be7 10. Bxf6 Bxf6 11. c4 b4 12. Nc2 a5 13. a3 Rb8 14. axb4
axb4 15. b3 O-O 16. Bd3 Bg5 17. Ra4 Be6 18. Ncxb4 Nxb4 19. Rxb4 Qa5 20. O-O
Rxb4 21. Nxb4 Qxb4 22. Bc2 h6 23. g3 Ra8 24. f4 exf4 25. gxf4 Bf6 26. f5 Bd7
27. Qe2 Bc6 28. Qd3 Be5 29. Kh1 Ra2 30. Rg1 Qc3 31. Qxc3 Bxc3 32. Bd3 Rd2
33. Bb1 Be5 34. Rc1 Rxh2+ 35. Kg1 Rb2 36. Bc2 Bf4 37. Ra1 Rxc2 38. Ra6 Bxe4
39. Rb6 Be3+ {White resigns} 0-1

[Event "ICCopen2016"]
[Site "Internet Chess Club"]
[Date "2016.06.03"]
[Round "9"]
[White "BlitzorDDD"]
[Black "Kiketf"]
[Result "1-0"]
[ICCResult "Black checkmated"]
[WhiteElo "2940"]
[BlackElo "2545"]
[Opening "English: four knights, kingside fianchetto"]
[ECO "A29"]
[NIC "EO.01"]
[Time "20:34:29"]
[TimeControl "180+0"]

1. c4 e5 2. Nc3 Nf6 3. Nf3 Nc6 4. g3 Bb4 5. Bg2 O-O 6. O-O d6 7. d3 a5 8.
Na4 Nd7 9. d4 exd4 10. Nxd4 Nxd4 11. Qxd4 Nc5 12. Nc3 Ne6 13. Qd3 Nc5 14.
Qc2 Ne6 15. Nd5 Bc5 16. e3 c6 17. Nc3 Bb6 18. Rd1 Qe7 19. b3 Ng5 20. Bb2
Nh3+ 21. Kh1 Re8 22. Rd2 Bxe3 23. fxe3 Qxe3 24. Re2 Nf2+ 25. Rxf2 Bg4 26.
Raf1 f6 27. Ne4 d5 28. cxd5 cxd5 29. Nd6 Re6 30. Bxd5 Rd8 31. Qc7 Bh3 32.
Qxd8# {Black checkmated} 1-0

[Event "ICCopen2016"]
[Site "Internet Chess Club"]
[Date "2016.06.03"]
[Round "9"]
[White "carpedef"]
[Black "Mandragora"]
[Result "1-0"]
[ICCResult "Black checkmated"]
[WhiteElo "1816"]
[BlackElo "1553"]
[Opening "Sicilian defense"]
[ECO "B30"]
[NIC "SI.31"]
[Time "20:34:32"]
[TimeControl "180+0"]

1. e4 c5 2. Nf3 Nc6 3. d3 d6 4. g3 e6 5. Bg2 Be7 6. O-O Nf6 7. Re1 b5 8. c3
Bb7 9. d4 Qb6 10. e5 dxe5 11. dxe5 Nd5 12. h4 O-O-O 13. Qe2 h6 14. Nbd2 g5
15. hxg5 hxg5 16. Nf1 g4 17. N3h2 Rxh2 18. Nxh2 Rh8 19. Nxg4 Kb8 20. Bd2 Bc8
21. Rad1 f5 22. exf6 Bxf6 23. Nxf6 Nxf6 24. Bf4+ Ka8 25. Rd6 Bb7 26. Qxe6
Re8 27. Qxf6 Rxe1+ 28. Kh2 c4 29. Qf8+ Nb8 30. Rxb6 axb6 31. Qxb8#
{Black checkmated}
1-0

[Event "ICCopen2016"]
[Site "Internet Chess Club"]
[Date "2016.06.03"]
[Round "9"]
[White "born2die"]
[Black "josper05"]
[Result "1-0"]
[ICCResult "Black resigns"]
[WhiteElo "1777"]
[BlackElo "1504"]
[Opening "Sicilian: Grand Prix attack"]
[ECO "B21"]
[NIC "SI.48"]
[Time "20:34:21"]
[TimeControl "180+0"]

1. e4 c5 2. f4 Nc6 3. Nf3 g6 4. d3 Bg7 5. Be2 e6 6. O-O Nge7 7. c3 d5 8. h3
O-O 9. Be3 d4 10. Bf2 e5 11. fxe5 Nxe5 12. Nxe5 Bxe5 13. Bh4 Qc7 14. c4 Be6
15. Nd2 b5 16. b3 bxc4 17. Nxc4 Bxc4 18. bxc4 Rab8 19. Rb1 Rxb1 20. Qxb1 Rb8
21. Qc2 Qb6 22. Bxe7 Qb2 23. Rc1 Qxc2 24. Rxc2 Rb1+ 25. Kf2 Bf4 26. Bxc5
Be3+ 27. Kg3 Rb7 28. a4 f5 29. a5 f4+ 30. Kh2 g5 31. Bg4 Kg7 32. a6 Rf7 33.
Rb2 Kg6 34. Rb7 Rf6 35. Bf5+ Kh6 36. Rxa7 f3 37. gxf3 g4 38. hxg4 Kg5 39.
Kg3 Rh6 40. Be7+ Rf6 41. Bxf6+ Kxf6 42. f4 {Black resigns} 1-0

[Event "ICCopen2016"]
[Site "Internet Chess Club"]
[Date "2016.06.03"]
[Round "9"]
[White "mathman"]
[Black "jcgs1030"]
[Result "0-1"]
[ICCResult "White resigns"]
[WhiteElo "2366"]
[BlackElo "1981"]
[Opening "Sicilian: dragon, Yugoslav attack, 9...Bd7"]
[ECO "B77"]
[NIC "SI.18"]
[Time "20:34:45"]
[TimeControl "180+0"]

1. e4 c5 2. Nf3 d6 3. d4 cxd4 4. Nxd4 Nf6 5. Nc3 g6 6. f3 Bg7 7. Be3 O-O 8.
Qd2 Nc6 9. Bc4 Bd7 10. h4 Rc8 11. Bb3 h5 12. O-O-O Ne5 13. Bg5 Rc5 14. Kb1
Re8 15. Rhe1 b5 16. f4 Nc4 17. Bxc4 bxc4 18. e5 Qb6 19. exf6 Rb8 20. Nb3
cxb3 21. cxb3 exf6 22. Ne4 Bf5 23. Ka1 Bxe4 24. Rxe4 fxg5 25. hxg5 Ra5 26.
b4 Qc6 27. Rde1 Rd5 {White resigns} 0-1

[Event "ICCopen2016"]
[Site "Internet Chess Club"]
[Date "2016.06.03"]
[Round "9"]
[White "anitak"]
[Black "chigato"]
[Result "1-0"]
[ICCResult "Black checkmated"]
[WhiteElo "2187"]
[BlackElo "1790"]
[Opening "English: Caro-Kann defensive system"]
[ECO "A11"]
[NIC "EO.64"]
[Time "20:34:45"]
[TimeControl "180+0"]

1. c4 c6 2. Nc3 d5 3. d4 Be6 4. cxd5 cxd5 5. e3 Qd7 6. Nf3 Nc6 7. Bb5 f6 8.
O-O Bf7 9. a3 e6 10. b4 Bd6 11. Bb2 Nge7 12. Na4 b6 13. Rc1 Rc8 14. Nc3 O-O
15. Ba6 Rc7 16. Nb5 Bh5 17. Nxc7 Bxc7 18. Be2 Qd6 19. g3 Bg4 20. Nd2 Bf5 21.
f4 Bh3 22. Rf2 e5 23. dxe5 fxe5 24. Bf3 exf4 25. exf4 d4 26. Ne4 Qh6 27. Ng5
Bf5 28. Bxd4 Rd8 29. Rd2 Qd6 30. Qb3+ Kf8 31. Qf7# {Black checkmated} 1-0

[Event "ICCopen2016"]
[Site "Internet Chess Club"]
[Date "2016.06.03"]
[Round "9"]
[White "Elico"]
[Black "blackending"]
[Result "1-0"]
[ICCResult "Black resigns"]
[WhiteElo "1818"]
[BlackElo "1628"]
[Opening "Sicilian: closed"]
[ECO "B23"]
[NIC "SI.44"]
[Time "20:35:24"]
[TimeControl "180+0"]

1. e4 c5 2. Nc3 d6 3. f4 e6 4. Bc4 Nf6 5. d3 Be7 6. a4 O-O 7. Nf3 a6 8. O-O
Nc6 9. Qe1 Qc7 10. f5 Nb4 11. Bb3 d5 12. e5 Nd7 13. f6 gxf6 14. exf6 Bxf6
15. Bh6 Bg7 16. Qh4 Bxh6 17. Qxh6 Ne5 18. Rae1 f6 19. Nxe5 c4 20. dxc4 dxc4
21. Nxc4 Qg7 22. Qxg7+ Kxg7 23. Ne4 b5 24. Ncd6 Bd7 25. Nc5 bxa4 26. Nxd7
axb3 27. Nxf8 Rxf8 28. cxb3 {Black resigns} 1-0